 Dungeon Crawl Stone Soup version 0.25-a0-479-g8579842fd4 (webtiles) character file.

Game seed: 1106406702710328920, levelgen mode: deterministic

104 HawFromDerth the Shooter (level 5, 0/39 HPs)
             Began as a Human Hunter on Feb 9, 2020.
             Slain by Natasha (2 damage)
             ... on level 2 of the Dungeon.
             The game lasted 00:04:48 (1169 turns).

HawFromDerth the Shooter (Human Hunter)             Turns: 1169, Time: 00:04:49

Health: 0/39       AC:  3    Str: 13    XL:     5   Next: 7%
Magic:  5/5        EV: 12    Int: 16    God:
Gold:   112        SH:  0    Dex: 14    Spells: 4/4 levels left

rFire    . . .     SeeInvis .   b - +0 short sword
rCold    . . .     Gourm    .   (no shield)
rNeg     . . .     Faith    .   c - +0 leather armour
rPois    .         Spirit   .   (no helmet)
rElec    .         Reflect  .   (no cloak)
rCorr    .         Harm     .   (no gloves)
MR       .....                  (no boots)
Stlth    ++........             (no amulet)
HPRegen  0.13/turn              (no ring)
MPRegen  0.09/turn              (no ring)

@: brilliant
A: no striking features
a: no special abilities


You were on level 2 of the Dungeon.
You were not hungry.

You visited 1 branch of the dungeon, and saw 2 of its levels.

You collected 112 gold pieces.

Inventory:

Hand Weapons
 a - a +1 shortbow
 b - a +0 short sword (weapon)
 n - a +0 short sword
Armour
 c - a +0 leather armour (worn)
Jewellery
 l - an uncursed ring of see invisible {unknown}
Scrolls
 h - 2 scrolls of teleportation {unknown}
 i - a scroll of identify {unknown}
 k - a scroll of noise {unknown}
Potions
 e - a potion of invisibility {unknown}
 g - a potion of brilliance
 j - a potion of mutation {unknown}
 m - a potion of heal wounds {unknown}
 p - a potion of haste {unknown}
Comestibles
 f - 2 rations
 o - a chunk of flesh


   Skills:
 + Level 2.3 Fighting
 + Level 5.5 Bows
 + Level 0.3 Armour
 + Level 2.0 Dodging
 + Level 2.0 Stealth


You had 4 spell levels left.
You didn't know any spells.
Your spell library was empty.

Dungeon Overview and Level Annotations

Branches:
Dungeon (2/15)

Altars:

Annotations:
D:2 Natasha


Message History

Press: ? - help, Shift-Dir - straight line, f/p - Natasha
Aim: Natasha
Okay, then.
Natasha casts a spell at you. You resist with some effort.
b - a +0 short sword (weapon)
Natasha completely misses you.
You hit Natasha.
Natasha is moderately wounded.
Natasha stares at you and mumbles some strange words.
The magic dart hits you!
* * * LOW HITPOINT WARNING * * *
Okay, then.
Okay, then.
It was a potion of brilliance.
You feel clever all of a sudden.
You feel yourself speed up. Natasha claws you!
* * * LOW HITPOINT WARNING * * *
Natasha claws you.
You die...

.. #.# ### #.# ..# #.# ###
#.# #.# #### .... #.# #.#
#..
.....##(###.##########.#####
........(.(...(h@[>.........
....)##.###.#########...#
... #.###.#......†....#.# .
#.5...#.########..#.###
#######.#.#.........#...#
..........#.#######†#.#.#
#######.###.#...........#
#......#.......#.#...#
.##.##.#.###.###.#.#...#


You could see Natasha.

Vanquished Creatures
  Jessica (D:2)
  Natasha (twice) (D:2)
  A ball python (D:2)
  2 giant cockroaches (D:2)
  A goblin (D:2)
  8 hobgoblins
  2 bats
  6 kobolds
  6 rats
29 creatures vanquished.

Notes
Turn   | Place    | Note
-------+----------+-------------------------------------------
     0 | D:1      | HawFromDerth the Human Hunter began the quest for the Orb.
     0 | D:1      | Reached XP level 1. HP: 16/16 MP: 1/1
     2 | D:1      | Noticed a gargoyle
     2 | D:1      | Noticed a demonspawn
     4 | D:1      | Noticed a vampire
     4 | D:1      | Noticed an elf
     6 | D:1      | Noticed a vine stalker
     6 | D:1      | Noticed a human
     8 | D:1      | Noticed a draconian
     8 | D:1      | Noticed a troll
    10 | D:1      | Noticed a halfling
    10 | D:1      | Noticed a spriggan
    12 | D:1      | Noticed a tengu
    14 | D:1      | Noticed a merfolk
    14 | D:1      | Noticed a felid
    16 | D:1      | Noticed a centaur
    16 | D:1      | Noticed a minotaur
    18 | D:1      | Noticed a ghoul
    20 | D:1      | Noticed a dwarf
    20 | D:1      | Noticed a formicid
    22 | D:1      | Noticed a demigod
    24 | D:1      | Noticed a naga
    26 | D:1      | Noticed an octopode
    26 | D:1      | Noticed an ogre
   259 | D:1      | Reached XP level 2. HP: 22/22 MP: 2/2
   790 | D:2      | Reached XP level 3. HP: 22/27 MP: 3/3
   977 | D:2      | Noticed Jessica
   978 | D:2      | Noticed Natasha
   982 | D:2      | Killed Natasha
   982 | D:2      | Reached skill level 5 in Bows
   988 | D:2      | Killed Jessica
   988 | D:2      | Reached XP level 4. HP: 33/33 MP: 4/4
  1132 | D:2      | Noticed Natasha
  1136 | D:2      | Killed Natasha
  1136 | D:2      | Reached XP level 5. HP: 36/38 MP: 5/5
  1146 | D:2      | Noticed Natasha
  1169 | D:2      | Slain by Natasha

Levels and vault maps discovered:
D:1:      kb_arrival_jail, layout_basic
D:2:      layout_basic, first_ration, uniq_natasha, uniq_jessica

Skill      XL: |  1  2  3  4 |
---------------+-------------+-----
Bows           | 5 |  5.5
Stealth        | 2 |  2.0
Fighting       | |  2.3
Armour         | |  0.3
Dodging        | |  2.0

Action                   |  1- 3 |  4- 6 || total
-------------------------+-------+-------++-------
Melee: Short sword       |       |     5 ||     5
       Shortbow          |       |     4 ||     4
 Fire: Shortbow          |    66 |    27 ||    93
  Use: Potion            |       |     1 ||     1
  Eat: Chunk             |       |     1 ||     1
Armor: Leather armour    |     4 |     5 ||     9
Dodge: Dodged            |    14 |    25 ||    39

Table legend:
 A = Non-vault XP
 B = Vault XP
 C = Vault XP percentage of total XP
 D = Non-vault monster count
 E = Vault monster count
 F = Vault count percentage of total count
                 A         B        C        D         E       F
            +---------+---------+-------+---------+---------+-------
      Total |      77 |      72 |  48.3 |      27 |       2 |   6.9
            +---------+---------+-------+---------+---------+-------
        D:1 |      23 |       0 |   0.0 |      15 |       0 |   0.0
        D:2 |      54 |      72 |  57.1 |      12 |       2 |  14.3
            +---------+---------+-------+---------+---------+-------
